 Dungeon Sprint DCSS version 0.30.0-5-g1a98f26d00 (webtiles) character file.

Game seed: 15128931301683730745

104518 Groucho the Naga Aeon (level 16, -1/178 HPs)
             Began as a Naga Fighter on May 12, 2023.
             Was the Champion of Cheibriados.
             Killed by divine providence
             ... invoked by a royal mummy
              (11 damage)
             ... in the Dungeon (Sprint V: "Ziggurat Sprint").
             The game lasted 00:15:32 (3608 turns).

Groucho the Naga Aeon (Naga Fighter)                Turns: 3608, Time: 00:15:33

Health: -1/178     AC: 34    Str: 37 (39) XL:     16   Next: 38%
Magic:  13/32      EV: 25    Int: 24      God:    Cheibriados [******]
Gold:   0          SH: 39    Dex: 42      Spells: 15/15 levels left

rFire   + . .        a - +6 shillelagh "Devastator" {shatter}
rCold   + . .        c - +18 shield of the Gong {Loud rN+ Will+ rCorr EV-5}
rNeg    + . .        b - +15 Maxwell's patent armour {-Cast -Tele rElec Will+ rCorr}
rPois   +            P - +0 mask of the Dragon {Will+ Slay+3 SInv}
rElec   +            q - scarf {repulsion}
rCorr   +            R - +0 pair of gloves of Midwinter {Slay+3}
SInv    +            (no barding)
Will    +++++        l - amulet of the acrobat Stlth
                     W - ring of Tuhoutza {rF+ Str+4 Int+3}
HPRegen 0.49/turn    N - ring "Mago" {rC+ EV+5 Str+2 Int-3 Dex+8}
MPRegen 0.23/turn

%: no teleportation, no spellcasting, repel missiles, acrobat
@: studying 4 skills, very slow
A: AC +5, large, see invisible, deformed body, poison resistance, slowness 2,
spit poison 1, naga tail 2
a: Spit Poison, Renounce Religion, Bend Time, Temporal Distortion, Slouch, Step
From Time


You were in the Dungeon.
You worshipped Cheibriados.
Cheibriados was exalted by your worship.
You visited 1 branch

Inventory:

Hand Weapons
 a - the +6 shillelagh "Devastator" (weapon) {shatter}
   (You found it in the Dungeon)
 M - a +1 vampiric demon whip
Armour
 b - the +15 Maxwell's patent armour (worn) {-Cast -Tele rElec Will+ rCorr}
   (You found it in the Dungeon)

   rElec:     It insulates you from electricity.
   -Cast:     It prevents spellcasting.
   -Tele:     It prevents most forms of teleportation.
   rCorr:     It protects you from acid and corrosion.
   Will:      It increases your willpower.
 c - the +18 shield of the Gong (worn) {Loud rN+ Will+ rCorr EV-5}
   (You found it in the Dungeon)

   Loud:      It is deafeningly noisy when blocking attacks.
   EV:        It affects your evasion (-5).
   rN:        It protects you from negative energy.
   rCorr:     It protects you from acid and corrosion.
   Will:      It increases your willpower.
 q - a scarf of repulsion (worn)
 B - +5 gold dragon scales
 P - the +0 mask of the Dragon (worn) {Will+ Slay+3 SInv}
   (You found it in the Dungeon)

   Slay:      It affects your accuracy & damage with ranged weapons and melee
   (+3).
   SInv:      It lets you see invisible.
   Will:      It increases your willpower.
 R - the +0 pair of gloves of Midwinter (worn) {Slay+3}
   (You found it in the Dungeon)

   Slay:      It affects your accuracy & damage with ranged weapons and melee
   (+3).
Jewellery
 l - an amulet of the acrobat (around neck)
 m - the amulet "Fomiruc" {Faith Dex+2}
   (You found it in the Dungeon)

   [amulet of faith]

   It allows you to gain divine favour quickly.
   Dex:       It affects your dexterity (+2).
 n - a +6 ring of dexterity
 o - a +6 ring of dexterity
 p - a ring of protection from cold
 D - the ring of Shadows {Umbra +Inv Stlth+}
   (You found it in the Dungeon)

   [ring of stealth]

   Umbra:     It surrounds you with an aura of shadow, increasing your stealth
   and reducing the accuracy of all others within it.
   +Inv:      It lets you turn invisible.
   Stlth:     It makes you more stealthy.
 E - the ring "Piwiecao" {rF+ rN+++ Will- Int+2}
   (You found it in the Dungeon)

   [ring of protection from fire]

   Int:       It affects your intelligence (+2).
   rF:        It protects you from fire.
   rN:        It renders you almost immune to negative energy.
   Will:      It decreases your willpower.
 F - the ring of the Mage {Wiz Archmagi}
   (You found it in the Dungeon)

   [ring of wizardry]

   It improves your spell success rate.
   Archmagi:  It increases the power of your magical spells.
 J - a ring of protection from fire
 N - the ring "Mago" (right hand) {rC+ EV+5 Str+2 Int-3 Dex+8}
   (You found it in the Dungeon)

   [ring of evasion]

   EV:        It affects your evasion (+5).
   Str:       It affects your strength (+2).
   Int:       It affects your intelligence (-3).
   Dex:       It affects your dexterity (+8).
   rC:        It protects you from cold.
 O - the ring "Sent" {rC- rN+++ SInv}
   (You found it in the Dungeon)

   [ring of see invisible]

   rC:        It makes you vulnerable to cold.
   rN:        It renders you almost immune to negative energy.
   SInv:      It lets you see invisible.
 Q - the amulet of the Four Winds {rN+ Will+++ Clar}
   (You found it in the Dungeon)

   [amulet of nothing]

   rN:        It protects you from negative energy.
   Clar:      It protects you from confusion, rage, mesmerisation and fear.
   Will:      It greatly increases your willpower.
 W - the ring of Tuhoutza (left hand) {rF+ Str+4 Int+3}
   (You took it off an ancient champion in the Dungeon)

   [ring of protection from fire]

   Str:       It affects your strength (+4).
   Int:       It affects your intelligence (+3).
   rF:        It protects you from fire.
 X - the ring "Quolef" {rN+ rCorr}
   (You found it in the Dungeon)

   [ring of resist corrosion]

   rN:        It protects you from negative energy.
   rCorr:     It protects you from acid and corrosion.
 Y - a ring of protection from cold
Wands
 k - a wand of light (31)
 s - a wand of mindburst (14)
 C - a wand of charming (19)
 I - a wand of roots (23)
 K - a wand of flame (55)
 V - a wand of polymorph (11)
Scrolls
 j - 4 scrolls of blinking
 r - 4 scrolls of enchant armour
 x - 4 scrolls of amnesia
 y - 9 scrolls of fog
 z - 5 scrolls of identify
 A - 2 scrolls of fear
 S - 5 scrolls of brand weapon
 U - 4 scrolls of enchant weapon
Potions
 d - 7 potions of might
 e - 10 potions of curing
 g - 6 potions of haste
 h - 4 potions of magic
 i - 3 potions of berserk rage
 t - 2 potions of brilliance
 u - 2 potions of invisibility
 v - 4 potions of resistance
 w - a potion of experience


   Skills:
 + Level 20.3 Fighting
 + Level 19.5 Maces & Flails
 + Level 17.3 Armour
 + Level 15.1 Dodging
 + Level 18.7 Shields
 * Level 25.8 Invocations


You had 15 spell levels left.
You didn't know any spells.
Your spell library contained the following spells:

 Spells                   Type           Power      Damage    Failure   Level
 Apportation              Tloc           0%         N/A       54%         1
 Magic Dart               Conj           0%         1d3       54%         1
 Necrotise                Necr           0%         1d4       54%         1
 Sandblast                Erth           0%         2d4       54%         1
 Shock                    Conj/Air       0%         1d3       54%         1
 Slow                     Hex            0%         N/A       54%         1
 Passwall                 Tmut/Erth      0%         N/A       67%         2
 Scorch                   Fire           0%         2d5       67%         2
 Searing Ray              Conj           0%         2d4       67%         2
 Confusing Touch          Hex            0%         N/A       88%         3
 Dazzling Flash           Conj/Hex       0%         N/A       88%         3
 Frozen Ramparts          Ice            0%         1d1       88%         3
 Ignite Poison            Fire/Tmut/Pois 0%         N/A       88%         3
 Mephitic Cloud           Conj/Pois/Air  0%         N/A       88%         3
 Spider Form              Tmut/Pois      0%         N/A       88%         3
 Stone Arrow              Conj/Erth      0%         3d7       88%         3
 Summon Guardian Golem    Hex/Summ       0%         N/A       88%         3
 Swiftness                Air            0%         N/A       88%         3
 Vampiric Draining        Necr           0%         2d6       88%         3
 Volatile Blastmotes      Fire/Tloc      0%         2d10      88%         3
 Airstrike                Air            0%         2d(0-16)  99%         4
 Anguish                  Hex/Necr       0%         N/A       99%         4
 Animate Armour           Summ/Erth      0%         N/A       99%         4
 Cause Fear               Hex            0%         N/A       99%         4
 Flame Wave               Conj/Fire      0%         2d4       99%         4
 Fulminant Prism          Conj/Hex       0%         3d5       99%         4
 Ice Form                 Ice/Tmut       0%         N/A       99%         4
 Iskenderun's Mystic Bla  Conj/Tloc      0%         2d3       99%         4
 Leda's Liquefaction      Hex/Erth       0%         N/A       99%         4
 Manifold Assault         Tloc           0%         N/A       99%         4
 Olgreb's Toxic Radiance  Pois           0%         N/A       99%         4
 Sticky Flame             Conj/Fire      0%         2d3       99%         4
 Summon Ice Beast         Ice/Summ       0%         N/A       99%         4
 Agony                    Necr           0%         N/A       100%        5
 Alistair's Intoxication  Tmut/Pois      0%         N/A       100%        5
 Arcjolt                  Conj/Air       0%         1d10      100%        5
 Fireball                 Conj/Fire      0%         3d3       100%        5
 Lee's Rapid Deconstruct  Erth           0%         3d4*      100%        5
 Metabolic Englaciation   Hex/Ice        0%         N/A       100%        5
 Summon Forest            Summ/Tloc      0%         N/A       100%        5
 Summon Mana Viper        Hex/Summ       0%         N/A       100%        5
 Yara's Violent Unravell  Hex/Tmut       0%         3d3       100%        5
 Conjure Ball Lightning   Conj/Air       0%         3x3d6     100%        6
 Dispersal                Tloc           0%         N/A       100%        6
 Eringya's Noxious Bog    Tmut/Pois      0%         N/A       100%        6
 Starburst                Conj/Fire      0%         6d3       100%        6
 Statue Form              Tmut/Erth      0%         N/A       100%        6
 Summon Cactus Giant      Summ           0%         N/A       100%        6
 Dragon Form              Tmut           0%         N/A       100%        7
 Enfeeble                 Hex            0%         N/A       100%        7
 Monstrous Menagerie      Summ           0%         N/A       100%        7
 Orb of Destruction       Conj           0%         9d5       100%        7
 Spellforged Servitor     Conj/Summ      0%         N/A       100%        7
 Summon Hydra             Summ           0%         N/A       100%        7
 Discord                  Hex            0%         N/A       100%        8
 Disjunction              Tloc           0%         N/A       100%        8
 Ignition                 Fire           0%         3d3       100%        8
 Lehudib's Crystal Spear  Conj/Erth      0%         10d2      100%        8
 Dragon's Call            Summ           0%         N/A       100%        9


Dungeon Overview and Level Annotations

Branches:
Dungeon (1/1)

Altars:
Ashenzari
Cheibriados
Dithmenos
Elyvilon
Fedhas
Gozag
Hepliaklqana
Kikubaaqudgha
Makhleb
Nemelex Xobeh
Okawaru
Qazlal
Ru
Sif Muna
Trog
Uskayaw
Vehumet
Wu Jian
Xom
Yredelemnul
Zin
The Shining One
Jiyva
Lugonu


Innate Abilities, Weirdness & Mutations

Your serpentine skin is tough. (AC +5)
You have supernaturally acute eyesight. (SInv)
Armour fits poorly on your strangely shaped body.
Your system is resistant to poisons. (rPois)
You cover ground very slowly.
You can spit poison.
You can use your snake-like lower body to constrict enemies.


Message History

The death scarab's corpse disappears in a puff of smoke!
You destroy the death scarab!
The death scarab's corpse disappears in a puff of smoke!
You destroy the death scarab!
The death scarab's corpse disappears in a puff of smoke!
You kill the emperor scorpion!
The emperor scorpion's corpse disappears in a puff of smoke!
You destroy the guardian mummy!
Cheibriados thoroughly appreciates the change of pace.
You destroy the mummy priest!
Cheibriados thoroughly appreciates the change of pace.
The rust devil disappears in a puff of smoke!
The chaos spawn degenerates into a cloud of primal chaos!
The jiangshi disappears in a puff of smoke!
You destroy the death scarab!
The death scarab's corpse disappears in a puff of smoke!
You destroy the death scarab!
The death scarab's corpse disappears in a puff of smoke!
You destroy the death scarab!
The death scarab's corpse disappears in a puff of smoke!
You destroy the mummy!
Cheibriados appreciates the change of pace.
You destroy the death scarab!
The death scarab's corpse disappears in a puff of smoke!
You feel extremely nervous for a moment...
You are engulfed in negative energy!
You feel weakened.
You feel extremely nervous for a moment...
Pain shoots through your body!
* * * LOW HITPOINT WARNING * * *
You block the royal mummy's attack.
PANG!
The royal mummy calls on the powers of darkness!
Your body is wracked with pain!
* * * LOW HITPOINT WARNING * * *
You block the royal mummy's attack.
SHROANNG!
The royal mummy casts a spell at you. Something smites you!
You die...

▓......8
..://|[:)[§?)..
▓..[=)..
...§.......M...
▓..[.:[=
....§..M§M.....
▓......)
..§§[MM../.§...
▓.......
....M..§..§§...
▓.......
..§§§.MMMM§.§..
▓.......
.§.B...MM..§...
▓.......
......§@M......
▓.......
...............
▓.......
...............
▓...▓...
..▓.........▓..
..▓▓▓..
...............
...▓...
...............
.......
.......©.......
.......
▓▓▓▓▓▓▓▓▓▓▓▓▓▓▓
▓▓▓▓▓▓▓▓
▓......8


You could see 13 royal mummies and a death scarab (summoned).

Vanquished Creatures
  A dread lich (D)
  A pandemonium lord (D)
  A juggernaut (shapeshifter) (D)
  2 royal mummies (D)
  A shard shrike (shapeshifter) (D)
  A caustic shrike (shapeshifter) (D)
  A lich (D)
  A Hell Sentinel (D)
  4 acid blobs (D)
  A titan (shapeshifter) (D)
  6 ancient champions (D)
  2 storm dragons (shapeshifter) (D)
  2 rockslimes (shapeshifter) (D)
  A fenstrider witch (shapeshifter) (D)
  5 rockslimes (D)
  4 azure jellies (D)
  A quicksilver elemental (D)
  3 fire giants (D)
  A balrug (D)
  2 frost giants (D)
  A ghoul (D)
  3 war gargoyles (D)
  4 stone giants (D)
  An eleionoma (shapeshifter) (D)
  A green draconian (D)
  A vampire knight (D)
  A lorocyproca (D)
  A demonspawn black sun (D)
  A yellow draconian (D)
  An iron golem (D)
  3 mummy priests (D)
  2 great orbs of eyes (D)
  A jorogumo (shapeshifter) (D)
  A catoblepas (shapeshifter) (D)
  A two-headed ogre (shapeshifter) (D)
  4 anacondas (D)
  A radroach (shapeshifter) (D)
  2 death scarabs (D)
  A naga warrior (D)
  7 two-headed ogres (D)
  A vampire mage (D)
  A thrashing horror (D)
  A crystal echidna (D)
  4 glowing orange brains (D)
  2 orb spiders (shapeshifter) (D)
  A death drake (shapeshifter) (D)
  2 necromancers (D)
  A mana viper (shapeshifter) (D)
  A steelbarb worm (shapeshifter) (D)
  2 starcursed masses (D)
  A shining eye (shapeshifter) (D)
  7 cyclopes (D)
  10 draconians (D)
  An elephant (shapeshifter) (D)
  A cyclops (shapeshifter) (D)
  2 eyes of devastation (D)
  2 rust devils (D)
  2 naga magi (D)
  A smoke demon (D)
  2 black mambas (D)
  An orange demon (D)
  2 hellions (D)
  A rime drake (shapeshifter) (D)
  2 ancient zymes (D)
  A merfolk (shapeshifter) (D)
  2 guardian mummies (D)
  A troll (shapeshifter) (D)
  8 trolls (D)
  A hornet (shapeshifter) (D)
  A blink frog (shapeshifter) (D)
  14 slime creatures (D)
  2 flying skulls (D)
  2 ynoxinuls (D)
  3 shadows (D)
  A vampire (D)
  A yak (shapeshifter) (D)
  A chaos spawn (D)
  5 ushabtiu (D)
  4 nagas (D)
  A large abomination (D)
  3 water moccasins (D)
  2 floating eyes (D)
  2 orc warriors (D)
  3 ogres (D)
  A phantom (D)
  A necrophage (D)
  4 wights (D)
  A small abomination (D)
  2 crimson imps (D)
  7 jellies (D)
  2 quasits (D)
  3 orc priests (D)
  5 iron imps (D)
  An orc wizard (D)
  9 mummies (D)
  6 adders (D)
  2 shadow imps (D)
  2 white imps (D)
  2 ufetubi (D)
  4 adder skeletons (D)
  3 adder zombies (D)
  An orc (shapeshifter) (D)
  4 bat skeletons (D)
  4 bat zombies (D)
  2 endoplasms (D)
  2 ball pythons (D)
  2 ball python zombies (D)
  2 giant cockroach zombies (D)
  A quokka skeleton (D)
  2 quokka zombies (D)
263 creatures vanquished.

Notes
Turn   | Place    | Note
-------+----------+-------------------------------------------
     0 | D        | Groucho the Naga Fighter began the quest for the Orb.
     0 | D        | Reached XP level 1. HP: 21/21 MP: 1/1
    13 | D        | Found a blossoming altar of Fedhas.
    13 | D        | Found the +6 Majin-Bo {spellvamp, MP+6 Int+6}
    13 | D        | Found the +27 heavy crossbow "Sniper" {heavy, Acc+∞ SInv}
    13 | D        | Found the +10 dark maul {heavy}
    13 | D        | Found the +15 Maxwell's patent armour {-Cast -Tele rElec
                  | Will+ rCorr}
    13 | D        | Found the +18 shield of the Gong {Loud rN+ Will+ rCorr
                  | EV-5}
    13 | D        | Found the +16 obsidian axe {drain, demonic, Mesm Drain Fly
                  | SInv}
    13 | D        | Found the +7 great mace "Firestarter" {flame, immolate,
                  | rFlCloud rF++}
    13 | D        | Found the +6 shillelagh "Devastator" {shatter}
    13 | D        | Found the +11 plutonium sword {Contam Stlth-}
    13 | D        | Found the +8 lance "Wyrmbane" {slay drac, rPois rF+ rC+
                  | AC+3}
    13 | D        | Found the +9 sword of Zonguldrok {reap}
    13 | D        | Found the +13 scythe of Curses {drain, curses, Drain}
    13 | D        | Found the +9 sword of Power {lifebolt}
    13 | D        | Found the +7 mace of Variability {chaos, chaos arc}
    13 | D        | Found the +11 Singing Sword {sonic wave}
    13 | D        | Found the +8 storm bow {elec, penet}
    14 | D        | Found a transporter.
    14 | D        | Found a viscous altar of Jiyva.
    14 | D        | Found an ancient bone altar of Kikubaaqudgha.
    14 | D        | Found a hazy altar of Hepliaklqana.
    14 | D        | Found a corrupted altar of Lugonu.
    14 | D        | Found an opulent altar of Gozag.
    14 | D        | Found a burning altar of Makhleb.
    20 | D        | Found an iron altar of Okawaru.
    20 | D        | Found a sparkling altar of Nemelex Xobeh.
    20 | D        | Found a stormy altar of Qazlal.
    20 | D        | Found a sacrificial altar of Ru.
    20 | D        | Found a shimmering blue altar of Sif Muna.
    42 | D        | Found a bloodstained altar of Trog.
    80 | D        | Became a worshipper of Cheibriados the Contemplative
    97 | D        | Entered arena 2.
    97 | D        | Found a transporter.
    98 | D        | Reached * piety under Cheibriados
    99 | D        | Reached XP level 2. HP: 30/30 MP: 2/2
   104 | D        | Entered arena 3.
   104 | D        | Noticed a floating eye
   104 | D        | Found a transporter.
   108 | D        | Killed a floating eye
   109 | D        | Reached skill level 5 in Fighting
   109 | D        | Reached skill level 5 in Armour
   109 | D        | Reached skill level 5 in Shields
   109 | D        | Reached XP level 3. HP: 40/40 MP: 3/3
   109 | D        | Reached XP level 4. HP: 48/48 MP: 4/4
   109 | D        | Reached XP level 5. HP: 55/55 MP: 5/5
   111 | D        | Reached ** piety under Cheibriados
   147 | D        | Entered arena 4.
   147 | D        | Found a transporter.
   152 | D        | Reached *** piety under Cheibriados
   155 | D        | Reached XP level 6. HP: 66/66 MP: 6/6
   384 | D        | Entered arena 5.
   384 | D        | Noticed a draconian
   384 | D        | Noticed a draconian
   384 | D        | Noticed a draconian
   384 | D        | Noticed a draconian
   384 | D        | Found a transporter.
   391 | D        | Killed a draconian
   392 | D        | Reached XP level 7. HP: 67/75 MP: 3/7
   393 | D        | Killed a draconian
   393 | D        | Reached **** piety under Cheibriados
   394 | D        | Reached skill level 1 in Invocations
   394 | D        | Reached XP level 8. HP: 59/86 MP: 4/8
   401 | D        | Killed a draconian
   402 | D        | Reached skill level 10 in Fighting
   403 | D        | Killed a draconian
   404 | D        | Reached XP level 9. HP: 68/94 MP: 5/10
   560 | D        | Entered arena 6.
   560 | D        | Found a transporter.
   563 | D        | Reached ***** piety under Cheibriados
   564 | D        | Reached skill level 10 in Shields
   689 | D        | Entered arena 7.
   689 | D        | Found the ring of Shadows {Umbra +Inv Stlth+}
   689 | D        | Found the +7 lajatang of Order {silver, rMut}
   695 | D        | Reached ****** piety under Cheibriados
   696 | D        | Reached skill level 2 in Invocations
   696 | D        | Found a transporter.
   706 | D        | Got the ring "Piwiecao" {rF+ rN+++ Will- Int+2}
   714 | D        | Entered arena 8.
   715 | D        | Found a transporter.
   717 | D        | Reached skill level 1 in Dodging
   717 | D        | Reached skill level 3 in Invocations
   739 | D        | Entered arena 9.
   739 | D        | Found the ring of the Mage {Wiz Archmagi}
   740 | D        | Found a transporter.
   743 | D        | Reached skill level 4 in Invocations
   934 | D        | Got the amulet of the Hart {Reflect Harm +Blink Int-2 SH+5
                  | Stlth+}
   942 | D        | Entered arena 10.
   942 | D        | Noticed a draconian
   942 | D        | Noticed a draconian
   942 | D        | Noticed a green draconian
   942 | D        | Noticed a draconian
   942 | D        | Noticed a yellow draconian
   942 | D        | Noticed a draconian
   942 | D        | Noticed a draconian
   942 | D        | Noticed a draconian
   947 | D        | Killed a draconian
   947 | D        | Killed a draconian
   948 | D        | Reached skill level 6 in Invocations
   949 | D        | Killed a draconian
   949 | D        | Killed a draconian
   950 | D        | Reached skill level 10 in Maces & Flails
   950 | D        | Reached skill level 7 in Invocations
   950 | D        | Reached XP level 10. HP: 106/106 MP: 2/15
   953 | D        | Killed a draconian
   953 | D        | Killed a draconian
   954 | D        | Reached skill level 10 in Armour
   954 | D        | Reached skill level 8 in Invocations
   955 | D        | Killed a green draconian
   955 | D        | Killed a yellow draconian
   956 | D        | Reached skill level 5 in Dodging
   956 | D        | Reached skill level 9 in Invocations
   957 | D        | Found a transporter.
  1180 | D        | Entered arena 11.
  1180 | D        | Noticed a black mamba
  1180 | D        | Noticed a naga mage
  1181 | D        | Killed a black mamba
  1182 | D        | Reached skill level 10 in Invocations
  1183 | D        | Reached XP level 11. HP: 115/115 MP: 7/18
  1183 | D        | Found a transporter.
  1201 | D        | Got the Quarto of the Kangaroo
  1223 | D        | Entered arena 12.
  1223 | D        | Noticed a Hell Sentinel
  1223 | D        | Noticed a balrug
  1223 | D        | Noticed a lorocyproca
  1224 | D        | Noticed Daroit the pandemonium lord
  1224 | D        | Noticed a demonspawn black sun
  1227 | D        | Reached skill level 11 in Invocations
  1227 | D        | Killed a balrug
  1227 | D        | Killed a lorocyproca
  1229 | D        | Killed a demonspawn black sun
  1230 | D        | Reached skill level 12 in Invocations
  1230 | D        | Killed Daroit the pandemonium lord
  1231 | D        | Reached skill level 13 in Invocations
  1231 | D        | Reached XP level 12. HP: 82/127 MP: 10/22
  1231 | D        | Killed a Hell Sentinel
  1424 | D        | Found a transporter.
  1434 | D        | Got the ring "Mago" {rC+ EV+5 Str+2 Int-3 Dex+8}
  1440 | D        | Got the ring "Sent" {rC- rN+++ SInv}
  1442 | D        | Got the Notes on the Cemetery and Venom
  1455 | D        | Entered arena 13.
  1455 | D        | Noticed a royal mummy
  1455 | D        | Noticed a death scarab
  1455 | D        | Noticed a mummy priest
  1457 | D        | Killed a death scarab
  1457 | D        | Noticed a mummy priest
  1458 | D        | Reached skill level 14 in Invocations
  1458 | D        | Noticed a royal mummy
  1460 | D        | Killed a mummy priest
  1462 | D        | Noticed a death scarab
  1462 | D        | Noticed a death scarab
  1462 | D        | Noticed a death scarab
  1462 | D        | Noticed a death scarab
  1462 | D        | Noticed a death scarab
  1462 | D        | Noticed a death scarab
  1462 | D        | Noticed a death scarab
  1465 | D        | Noticed a death scarab
  1465 | D        | Noticed a death scarab
  1465 | D        | Noticed a death scarab
  1465 | D        | Noticed a death scarab
  1466 | D        | Noticed a death scarab
  1466 | D        | Noticed a death scarab
  1467 | D        | Noticed an emperor scorpion
  1468 | D        | Killed a mummy priest
  1469 | D        | Noticed an emperor scorpion
  1469 | D        | Noticed an emperor scorpion
  1471 | D        | Noticed a death scarab
  1471 | D        | Noticed a death scarab
  1471 | D        | Noticed a death scarab
  1472 | D        | Killed a royal mummy
  1472 | D        | HP: 6/129 [poisoned by an emperor scorpion]
  1473 | D        | Reached skill level 15 in Invocations
  1474 | D        | Noticed a death scarab
  1474 | D        | Noticed a death scarab
  1474 | D        | Noticed a death scarab
  1474 | D        | Noticed a death scarab
  1479 | D        | Noticed a death scarab
  1479 | D        | Noticed a death scarab
  1479 | D        | Noticed a death scarab
  1482 | D        | Killed a royal mummy
  1980 | D        | Found the +0 mask of the Dragon {Will+ Slay+3 SInv}
  1981 | D        | Found a transporter.
  1999 | D        | Got Fioschon's Discursus on Malevolent Acts and Metal
  2014 | D        | Entered arena 14.
  2015 | D        | Noticed a fire giant
  2015 | D        | Noticed a two-headed ogre
  2015 | D        | Noticed a stone giant
  2015 | D        | Noticed a stone giant
  2015 | D        | Noticed a two-headed ogre
  2015 | D        | Noticed a stone giant
  2016 | D        | Found the amulet of the Four Winds {rN+ Will+++ Clar}
  2016 | D        | Noticed a two-headed ogre
  2018 | D        | Killed a two-headed ogre
  2019 | D        | Reached skill level 15 in Fighting
  2019 | D        | Reached skill level 16 in Invocations
  2019 | D        | Gained mutation: You can use your snake-like lower body to
                  | constrict enemies. [Naga growth]
  2019 | D        | Reached XP level 13. HP: 138/138 MP: 13/25
  2020 | D        | Killed a stone giant
  2020 | D        | Killed a stone giant
  2020 | D        | Killed a stone giant
  2020 | D        | Killed a fire giant
  2021 | D        | Reached skill level 17 in Invocations
  2021 | D        | Found a transporter.
  2217 | D        | Entered arena 15.
  2219 | D        | Identified the +0 robe "Fiamn" {rC+}
  2219 | D        | Found the +3 giant club "Skullcrusher" {speed, Str+7}
  2222 | D        | Reached skill level 10 in Dodging
  2223 | D        | Found a transporter.
  2233 | D        | Got the +0 pair of gloves of Midwinter {Slay+3}
  2270 | D        | Entered arena 16.
  2271 | D        | Noticed a lich
  2271 | D        | Noticed a starcursed mass
  2274 | D        | Reached skill level 18 in Invocations
  2275 | D        | Killed a lich
  2276 | D        | Reached skill level 15 in Maces & Flails
  2432 | D        | Found a transporter.
  2440 | D        | Got the Dissertation on Attacks
  2457 | D        | Entered arena 17.
  2478 | D        | Noticed a dread lich
  2478 | D        | Noticed a war gargoyle
  2478 | D        | Noticed an ancient champion
  2478 | D        | Noticed a quicksilver elemental
  2478 | D        | Noticed a war gargoyle
  2478 | D        | Noticed an ancient champion
  2478 | D        | Noticed an ancient champion
  2478 | D        | Identified the ring of Tuhoutza {rF+ Str+4 Int+3}
  2478 | D        | Noticed an ancient champion
  2478 | D        | Noticed an iron golem
  2478 | D        | Noticed a war gargoyle
  2479 | D        | Noticed an ancient champion
  2479 | D        | Noticed an ancient champion
  2481 | D        | Reached skill level 15 in Shields
  2481 | D        | Killed a war gargoyle
  2481 | D        | Killed an ancient champion
  2481 | D        | Killed a quicksilver elemental
  2481 | D        | Killed an ancient champion
  2481 | D        | Killed a war gargoyle
  2481 | D        | Killed a war gargoyle
  2482 | D        | Reached skill level 19 in Invocations
  2482 | D        | Reached XP level 14. HP: 128/151 MP: 16/27
  2482 | D        | Killed an ancient champion
  2482 | D        | Killed an ancient champion
  2482 | D        | Killed an ancient champion
  2482 | D        | Killed an ancient champion
  2483 | D        | Reached skill level 20 in Invocations
  2483 | D        | Killed a dread lich
  2484 | D        | Found a transporter.
  2535 | D        | Entered arena 18.
  2538 | D        | Noticed an azure jelly
  2538 | D        | Noticed a rockslime
  2538 | D        | Found the +8 arc blade {discharge, rElec}
  2539 | D        | Noticed an acid blob
  2541 | D        | Killed a rockslime
  2542 | D        | Killed an azure jelly
  2543 | D        | Reached skill level 21 in Invocations
  2543 | D        | Killed an acid blob
  2544 | D        | Found a transporter.
  2554 | D        | Got the ring "Quolef" {rN+ rCorr}
  2585 | D        | Entered arena 19.
  2588 | D        | Noticed a ghoul
  2588 | D        | Noticed a vampire knight
  2591 | D        | Reached skill level 15 in Armour
  2591 | D        | Killed a vampire knight
  2595 | D        | Killed a ghoul
  2863 | D        | Found a transporter.
  2897 | D        | Got the Directory of the Pure Beggars
  2918 | D        | Entered arena 20.
  2923 | D        | Noticed a fire giant
  2923 | D        | Noticed a stone giant
  2923 | D        | Found the +8 Vampire's Tooth {megavamp}
  2923 | D        | Noticed a frost giant
  2923 | D        | Noticed a frost giant
  2923 | D        | Noticed a fire giant
  2927 | D        | Reached XP level 15. HP: 163/163 MP: 18/29
  2928 | D        | Reached skill level 22 in Invocations
  2928 | D        | Killed a frost giant
  2928 | D        | Killed a fire giant
  2928 | D        | Killed a fire giant
  2929 | D        | Killed a frost giant
  3109 | D        | Found a transporter.
  3180 | D        | Entered arena 21.
  3184 | D        | Noticed an acid blob
  3184 | D        | Found the +8 trishula "Condemnation" {holy, anguish, *Noise
                  | Fly rN+}
  3185 | D        | Noticed an acid blob
  3185 | D        | Noticed a rockslime
  3185 | D        | Noticed an azure jelly
  3185 | D        | Noticed a rockslime
  3186 | D        | Noticed an acid blob
  3186 | D        | Noticed an azure jelly
  3186 | D        | Noticed a rockslime
  3187 | D        | Noticed an azure jelly
  3188 | D        | Killed a rockslime
  3188 | D        | Killed a rockslime
  3189 | D        | Reached skill level 23 in Invocations
  3189 | D        | Killed an acid blob
  3189 | D        | Killed an azure jelly
  3189 | D        | Killed an acid blob
  3189 | D        | Killed a rockslime
  3189 | D        | Killed an acid blob
  3190 | D        | Killed an azure jelly
  3190 | D        | Killed an azure jelly
  3190 | D        | Noticed a rockslime
  3192 | D        | Found a transporter.
  3194 | D        | Killed a rockslime
  3195 | D        | Reached skill level 24 in Invocations
  3199 | D        | Got the amulet "Fomiruc" {Faith Dex+2}
  3245 | D        | Entered arena 22.
  3249 | D        | Noticed a glowing shapeshifter
  3249 | D        | Noticed a titan
  3249 | D        | a glowing shapeshifter changed into a manticore
  3249 | D        | a titan changed into a juggernaut
  3249 | D        | Noticed a juggernaut (glowing shapeshifter)
  3250 | D        | Noticed a titan
  3250 | D        | Noticed a rockslime
  3250 | D        | Noticed a shard shrike
  3250 | D        | Noticed a rockslime
  3250 | D        | a titan changed into a juggernaut
  3250 | D        | Noticed a juggernaut (glowing shapeshifter)
  3250 | D        | a shard shrike changed into a titan
  3250 | D        | Noticed a titan (glowing shapeshifter)
  3250 | D        | a rockslime changed into a juggernaut
  3250 | D        | Noticed a juggernaut (glowing shapeshifter)
  3250 | D        | a juggernaut changed into an iron dragon
  3250 | D        | Noticed an iron dragon (glowing shapeshifter)
  3250 | D        | a white draconian changed into an emperor scorpion
  3250 | D        | Noticed an emperor scorpion (glowing shapeshifter)
  3250 | D        | Noticed a shard shrike
  3251 | D        | a rockslime changed into a juggernaut
  3251 | D        | Noticed a juggernaut (glowing shapeshifter)
  3251 | D        | an emperor scorpion changed into a storm dragon
  3251 | D        | Noticed a storm dragon (glowing shapeshifter)
  3251 | D        | Noticed a rockslime
  3252 | D        | Noticed a rockslime
  3253 | D        | a juggernaut changed into a titan
  3253 | D        | Noticed a titan (glowing shapeshifter)
  3253 | D        | a juggernaut changed into a shard shrike
  3253 | D        | Noticed a shard shrike (glowing shapeshifter)
  3254 | D        | Killed a shard shrike
  3254 | D        | Killed a rockslime
  3254 | D        | Killed a rockslime
  3255 | D        | an iron dragon changed into an iron giant
  3255 | D        | Noticed an iron giant (glowing shapeshifter)
  3256 | D        | Reached XP level 16. HP: 170/176 MP: 16/32
  3256 | D        | Killed a juggernaut
  3256 | D        | Killed a storm dragon
  3256 | D        | Killed a titan
  3256 | D        | a titan changed into a juggernaut
  3256 | D        | Noticed a juggernaut (glowing shapeshifter)
  3256 | D        | Noticed a juggernaut
  3257 | D        | Reached skill level 25 in Invocations
  3257 | D        | a juggernaut changed into a rockslime
  3257 | D        | Noticed a rockslime (glowing shapeshifter)
  3258 | D        | a rockslime changed into a shard shrike
  3258 | D        | Noticed a shard shrike (glowing shapeshifter)
  3258 | D        | Noticed an acid blob
  3259 | D        | Found the +7 Spriggan's Knife {stab, EV+4 Stlth+}
  3259 | D        | a shard shrike changed into an iron giant
  3259 | D        | Noticed an iron giant (glowing shapeshifter)
  3259 | D        | an iron giant changed into an iron dragon
  3259 | D        | an iron giant changed into an acid blob
  3259 | D        | Noticed an acid blob (glowing shapeshifter)
  3260 | D        | a juggernaut changed into a shard shrike
  3260 | D        | Noticed a shard shrike (glowing shapeshifter)
  3260 | D        | an acid blob changed into a golden dragon
  3260 | D        | Noticed a golden dragon (glowing shapeshifter)
  3261 | D        | a golden dragon changed into a caustic shrike
  3261 | D        | Noticed a caustic shrike (glowing shapeshifter)
  3266 | D        | an acid blob changed into an iron giant
  3266 | D        | Noticed an iron giant (glowing shapeshifter)
  3268 | D        | an iron dragon changed into a golden dragon
  3268 | D        | Noticed a golden dragon (glowing shapeshifter)
  3268 | D        | a shard shrike changed into a rockslime
  3268 | D        | Noticed a rockslime (glowing shapeshifter)
  3269 | D        | a rockslime changed into a golden dragon
  3269 | D        | Noticed a golden dragon (glowing shapeshifter)
  3271 | D        | a golden dragon changed into an acid blob
  3271 | D        | Noticed an acid blob (glowing shapeshifter)
  3271 | D        | an iron giant changed into a fenstrider witch
  3271 | D        | Noticed a fenstrider witch (glowing shapeshifter)
  3272 | D        | Killed a caustic shrike
  3273 | D        | an acid blob changed into an iron giant
  3273 | D        | Noticed an iron giant (glowing shapeshifter)
  3273 | D        | a death yak changed into a storm dragon
  3273 | D        | Noticed a storm dragon (glowing shapeshifter)
  3275 | D        | Killed a storm dragon
  3275 | D        | Killed a fenstrider witch
  3276 | D        | a golden dragon changed into a shadow dragon
  3276 | D        | Noticed a shadow dragon (glowing shapeshifter)
  3278 | D        | an iron giant changed into a shard shrike
  3278 | D        | Noticed a shard shrike (glowing shapeshifter)
  3279 | D        | a shadow dragon changed into an alligator snapping turtle
  3286 | D        | Reached skill level 15 in Dodging
  3286 | D        | a shard shrike changed into a rockslime
  3286 | D        | Noticed a rockslime (glowing shapeshifter)
  3287 | D        | Found a transporter.
  3288 | D        | a rockslime changed into a titan
  3288 | D        | Noticed a titan (glowing shapeshifter)
  3290 | D        | a titan changed into a shard shrike
  3290 | D        | Noticed a shard shrike (glowing shapeshifter)
  3291 | D        | a shard shrike changed into a titan
  3291 | D        | Noticed a titan (glowing shapeshifter)
  3293 | D        | a titan changed into an iron giant
  3293 | D        | Noticed an iron giant (glowing shapeshifter)
  3301 | D        | an iron giant changed into a golden dragon
  3301 | D        | Noticed a golden dragon (glowing shapeshifter)
  3304 | D        | a golden dragon changed into an acid blob
  3304 | D        | Noticed an acid blob (glowing shapeshifter)
  3305 | D        | an acid blob changed into an iron dragon
  3310 | D        | an iron dragon changed into a shadow dragon
  3310 | D        | Noticed a shadow dragon (glowing shapeshifter)
  3312 | D        | a shadow dragon changed into an eleionoma
  3559 | D        | Got the Volume of Interference
  3595 | D        | Entered arena 23.
  3601 | D        | Noticed a royal mummy
  3601 | D        | Noticed a royal mummy
  3601 | D        | Noticed a royal mummy
  3601 | D        | Noticed a royal mummy
  3601 | D        | Noticed a royal mummy
  3601 | D        | Noticed a royal mummy
  3601 | D        | Noticed a royal mummy
  3601 | D        | Identified the ring "Etiapuoq" {rCorr Str+3}
  3601 | D        | Noticed a royal mummy
  3601 | D        | Identified the staff of conjuration "Kaoteba" {rCorr}
  3601 | D        | Noticed a royal mummy
  3602 | D        | Noticed a royal mummy
  3604 | D        | Identified the staff of poison "Ipseibbawn" {rElec rPois
                  | rCorr Int+5 Stlth-}
  3604 | D        | Noticed a royal mummy
  3606 | D        | Noticed a royal mummy
  3606 | D        | Identified the ring of the Moon {rC+ Int+6 Dex+4 Stlth+}
  3606 | D        | Noticed a royal mummy
  3608 | D        | Killed from afar by a royal mummy

Illustrated notes

Levels and vault maps discovered:
D:        sprint_v [room_start, room_1, room_2, room_3, room_4, room_5, room_6,
          room_7, room_8, room_9, room_10, room_11, room_12, room_13, room_14,
          room_15, room_16, room_17, room_18, room_19, room_20, room_21,
          room_22, room_23, room_24, room_25, room_26, room_27]

Skill      XL: |  1  2  3  4  5  6  7  8  9 10 11 12 13 14 15 16 |
---------------+-------------------------------------------------+-----
Fighting       | 4 5 7 8 9 10 11 12 13 15 16 18 19 20 | 20.3
Armour         | 3 5 6 7 8 9 10 11 12 14 15 16 17 | 17.3
Shields        | 3 5 6 8 9 10 11 12 13 15 16 18 | 18.7
Maces & Flails | 3 4 6 7 8 10 11 12 13 15 17 18 19 | 19.5
Invocations    | 1 7 10 13 16 19 21 24 25 | 25.8
Dodging        | 3 5 7 9 11 12 14 15 | 15.1

Action                     |  1- 3 |  4- 6 |  7- 9 | 10-12 | 13-15 | 16-18 || total
---------------------------+-------+-------+-------+-------+-------+-------++-------
  Melee: Shillelagh        |     2 |    13 |    15 |    17 |    23 |    51 ||   121
         Constrict         |       |       |       |       |     5 |     6 ||    11
 Invoke: Bend Time         |       |     1 |       |       |       |       ||     1
         Slouch            |       |       |     6 |    18 |    34 |    11 ||    69
    Use: Potion            |       |       |       |    10 |       |     3 ||    13
 Armour: Plate armour      |       |     2 |     7 |    29 |    11 |    10 ||    59
  Dodge: Dodged            |       |       |     2 |    20 |    18 |    12 ||    52
  Block: Kite shield       |     1 |    16 |    29 |    77 |    72 |    49 ||   244
